AoeStats
← GerAoe

Lombardia

510215487Analyzed
4v4 RM · 20h ago on Sep 30, 2026· 42m 59s· 8 players
Game mode
Random Map
Map size
Large (8 player)
Population
200
Speed
Normal
Resources
Standard
Victory
Conquest
Starting age
Dark Age
Ending age
Imperial Age
RankedLock teamsTeams togetherTeam positionsShared explorationLock speedFull tech treeHidden civsTurbo modeCheats
Victory
Defeat
🇦🇷 Mongols · Argentina
900
+15
🇬🇹 Bengalis · Guatemala
864
+16
🇦🇷 Khmer · Argentina
858
+16
🇦🇷 Poles · Argentina
839
+17
🇺🇸 Ethiopians · United States
960
-19
🇺🇸 Varangians · United States
871
-16
🇲🇽 Italians · Mexico
857
-16
790
-13
Dearboy
0:36 Loom
11:59 Feudal Age
13:40 Wheelbarrow
12:53 Double-Bit Axe
13:01 Gold Mining
13:10 Horse Collar
16:55 Bloodlines
20:41 Castle Age
19:29 Forging
19:46 Scale Barding Armor
20:38 Stone Mining
22:13 Hand Cart
22:10 Bow Saw
21:24 Light Cavalry
24:29 Town Watch
28:39 Stone Shaft Mining
28:39 Gold Shaft Mining
31:02 Tusk Swords
32:19 Ballistics
32:10 Fortified Wall
33:28 Gold Shaft Mining
35:32 Imperial Age
34:56 Chain Barding Armor
35:11 Iron Casting
34:29 Fletching
34:40 Padded Archer Armor
36:11 Husbandry
35:47 Cavalier
35:47 Hussar
37:08 Plate Barding Armor
38:19 Conscription
38:00 Double Crossbow
37:30 Sappers
38:56 Hoardings
39:07 Heavy Plow
40:13 Blast Furnace
39:08 Bodkin Arrow
39:28 Leather Archer Armor
43:11 Ring Archer Armor
43:08 Bracer
42:30 Pikeman
42:55 Arson
44:14 Chemistry
43:15 Herbal Medicine
43:45 Illumination
43:21 Devotion
43:58 Theocracy
43:33 Redemption
RattiestPear556
9:31 Loom
11:20 Feudal Age
17:32 Castle Age
18:50 Horse Collar
22:00 Fervor
23:49 Wheelbarrow
27:27 Double-Bit Axe
28:20 Town Watch
31:39 Imperial Age
29:27 Gold Mining
29:30 Stone Mining
31:02 Murder Holes
31:28 Ballistics
31:19 Heavy Plow
32:23 Bloodlines
32:53 Scale Barding Armor
33:42 Paiks
33:26 Pikeman
34:45 Caravan
37:52 Crop Rotation
38:38 Bow Saw
39:05 Gold Shaft Mining
38:36 Fletching
39:56 Hand Cart
42:22 Elite Battle Elephant
43:14 Bodkin Arrow
44:23 Chemistry
GerAoe
9:57 Feudal Age
12:10 Loom
16:06 Castle Age
14:30 Double-Bit Axe
14:43 Gold Mining
20:40 Stone Mining
24:55 Horse Collar
27:27 Wheelbarrow
27:21 Bow Saw
29:15 Fletching
33:06 Imperial Age
30:53 Hand Cart
31:16 Gold Shaft Mining
30:42 Bodkin Arrow
30:47 Padded Archer Armor
31:37 Scale Barding Armor
32:25 Leather Archer Armor
32:33 Ballistics
35:00 Chemistry
34:02 Bracer
34:22 Chain Barding Armor
34:42 Parthian Tactics
34:08 Elite Mangudai
37:26 Thumb Ring
nicocaraza
1:45 Loom
13:33 Feudal Age
15:05 Horse Collar
20:16 Double-Bit Axe
24:27 Castle Age
27:40 Szlachta Privileges
27:49 Husbandry
28:01 Bloodlines
28:06 Forging
28:03 Scale Barding Armor
37:11 Iron Casting
37:16 Chain Barding Armor
43:59 Imperial Age
jcarroll10
9:51 Loom
11:37 Feudal Age
13:18 Double-Bit Axe
17:08 Castle Age
16:36 Horse Collar
18:13 Bloodlines
18:03 Husbandry
18:58 Bow Saw
23:00 Scale Barding Armor
28:04 Forging
34:55 Wheelbarrow
34:18 Gold Mining
34:19 Stone Mining
34:31 Heavy Plow
34:19 Town Watch
37:30 Imperial Age
35:05 Scale Mail Armor
35:40 Iron Casting
35:44 Caravan
35:44 Arson
36:00 Squires
35:46 Gambesons
36:19 Chain Mail Armor
37:19 Pikeman
37:22 Light Cavalry
38:24 Chain Barding Armor
37:57 Fletching
39:45 Elite Varangian Guard
41:10 Hand Cart
Token Master
10:20 Feudal Age
11:21 Double-Bit Axe
14:14 Castle Age
12:49 Horse Collar
13:47 Gold Mining
14:18 Loom
14:38 Fletching
16:40 Wheelbarrow
15:54 Town Watch
16:46 Wheelbarrow
16:20 Crossbowman
17:53 Fletching
18:03 Padded Archer Armor
20:06 Bow Saw
22:44 Hand Cart
24:53 Stone Mining
25:04 Heavy Plow
25:02 Bodkin Arrow
32:14 Imperial Age
31:30 Leather Archer Armor
31:15 Scale Mail Armor
32:19 Thumb Ring
32:53 Arbalester
35:26 Chemistry
37:06 Ballistics
36:52 Siege Engineers
36:44 Murder Holes
38:09 Bracer
38:39 Ring Archer Armor
38:14 Squires
37:59 Arson
40:55 Masonry
40:56 Fortified Wall
40:48 Halberdier
42:22 Onager
jesusodinson
10:38 Feudal Age
11:16 Double-Bit Axe
18:12 Castle Age
16:05 Horse Collar
☯︎ PΔTΔS DΞ STΞΞL ☯
1:13 Loom
15:13 Feudal Age
16:21 Double-Bit Axe
17:22 Arson
17:34 Horse Collar
21:05 Castle Age
22:56 Wheelbarrow
23:52 Hand Cart
23:50 Bow Saw
23:46 Heavy Plow
25:27 Gold Mining
25:28 Stone Mining
27:01 Town Watch
27:50 Town Patrol
30:48 Squires
30:34 Gambesons
30:35 Arson
31:04 Forging
30:54 Scale Mail Armor
34:00 Gold Shaft Mining
34:03 Stone Shaft Mining
38:18 Imperial Age
36:01 Caravan
38:17 Ballistics
37:53 Murder Holes
39:44 Elite Varangian Guard
40:48 Northmen's Fury
41:54 Conscription
40:55 Hamask
40:56 Elite Jomsviking
Connection lost

Rejoining the realm…

Still unreachable

The connection could not be restored.

Session expired

The server has moved on; the page needs a fresh start.